 Dungeon Crawl Stone Soup version 0.29-a0-613-gf2c431b9b9 (webtiles) character file.

Game seed: 14211082755620441226

5161 ptdevnull the Quickloader (level 10, -2/64 HPs)
             Began as a Kobold Hunter on June 17, 2022.
             Was a High Priest of Elyvilon.
             Shot with a sling bullet by Joseph (10 damage)
             ... on level 8 of the Dungeon.
             The game lasted 00:15:09 (9746 turns).

ptdevnull the Quickloader (Kobold Hunter)           Turns: 9746, Time: 00:15:10

Health: -2/64      AC:  4    Str: 10    XL:     10   Next: 89%
Magic:  16/16      EV: 26    Int: 10    God:    Elyvilon [*****.]
Gold:   256        SH:  0    Dex: 28    Spells: 9/9 levels left

rFire   . . .      SeeInvis .   a - +1 hand crossbow
rCold   . . .      Faith    .   (no shield)
rNeg    . . .      Spirit   .   w - +0 leather armour
rPois   .          Reflect  .   (no helmet)
rElec   .          Harm     .   (no cloak)
rCorr   .          Rampage  .   k - +0 pair of gloves
Will    .....                   (no boots)
Stlth   +++.......              y - amulet of the acrobat
HPRegen 0.20/turn               d - +4 ring of evasion
MPRegen 0.15/turn               u - +6 ring of dexterity

@: no status effects
A: small, no large weapons, nightstalker 3
a: Renounce Religion, Purification, Heal Other, Heal Self, Divine Vigour


You were on level 8 of the Dungeon.
You worshipped Elyvilon.
Elyvilon was extremely pleased with you.
You visited 1 branch of the dungeon, and saw 8 of its levels.

You collected 476 gold pieces.
You spent 220 gold pieces at shops.

Inventory:

Hand Weapons
 a - a +1 hand crossbow (weapon)
 b - a +1 dagger of venom
 H - a +2 dagger of venom
Armour
 k - a +0 pair of gloves (worn)
 w - a +0 leather armour (worn)
 M - +0 steam dragon scales
Magical Staves
 t - a staff of fire
Jewellery
 d - a +4 ring of evasion (left hand)
 e - a ring of resist corrosion
 u - a +6 ring of dexterity (right hand)
 x - a ring of magical power
 y - an amulet of the acrobat (around neck)
 E - a +6 ring of strength
 F - a ring of resist corrosion
 G - a ring of see invisible
Wands
 o - a wand of mindburst (11)
 z - a wand of charming (2)
 A - a wand of flame (27)
 B - a wand of light (5)
 K - a wand of iceblast (3)
Scrolls
 c - 4 scrolls of immolation
 f - 2 scrolls of teleportation
 g - 2 scrolls of poison {unknown}
 h - 3 scrolls of amnesia {unknown}
 i - 3 scrolls of silence
 n - a scroll of noise {unknown}
 p - 2 scrolls of blinking
 q - 2 scrolls of enchant weapon
 C - a scroll of fear {unknown}
 J - a scroll of brand weapon {unknown}
 L - a scroll of enchant armour {unknown}
Potions
 j - a potion of attraction {unknown}
 l - 2 potions of magic
 m - a potion of curing
 r - 2 potions of heal wounds
 s - 2 potions of lignification
 v - a potion of brilliance {unknown}
 D - a potion of mutation {unknown}
 I - a potion of flight {unknown}


   Skills:
 - Level 8.0 Fighting
 + Level 3.2 Short Blades
 - Level 10.0 Crossbows
 - Level 8.0 Dodging
 - Level 1.3 Stealth
 - Level 8.0 Invocations
 - Level 8.0 Evocations


You had 9 spell levels left.
You didn't know any spells.
Your spell library contained the following spells:

 Spells                   Type           Power      Damage    Failure   Level
 Call Canine Familiar     Summ           0%         N/A       83%         3
 Conjure Flame            Conj/Fire      0%         6-21      83%         3
 Ignite Poison            Fire/Tmut/Pois 0%         N/A       83%         3
 Portal Projectile        Hex/Tloc       0%         N/A       83%         3
 Leda's Liquefaction      Hex/Erth       0%         N/A       99%         4
 Sticky Flame             Conj/Fire      0%         2d3       99%         4


Dungeon Overview and Level Annotations

Branches:
Dungeon (8/15)             Temple (0/1) D:7
   Lair: D:8-11

Altars:
Cheibriados
Dithmenos
Elyvilon
Kikubaaqudgha
Makhleb
Nemelex Xobeh
Trog
Uskayaw
Zin

Shops:
D:5 ***

Annotations:
D:4 1 transporter, frogsbabysitter's ghost, amateur MiBe
D:6 2 transporters
D:8 Joseph


Innate Abilities, Weirdness & Mutations

You are small and have problems with some larger weapons.
You are completely attuned to the shadows.


Message History

You shoot a bolt. The bolt barely misses the black bear.
The bolt hits the bullfrog.
The bullfrog is lightly wounded.
The black bear barely misses you.
The black bear claws you but does no damage.
The black bear completely misses you.
Aiming: Charm
Press: ? - help, Shift-Dir - straight line, f/p - black bear
Aim: a black bear (severely wounded, berserk, chance to affect: 67%)
The black bear is charmed.
The bullfrog hits your black bear.
Your black bear closely misses the bullfrog.
Your black bear claws the bullfrog.
Your black bear completely misses the bullfrog.
The bullfrog hits your black bear.
Your black bear barely misses the bullfrog.
Your black bear claws the bullfrog. x2
The bullfrog hits your black bear!
Your black bear dies!
Joseph unwields a +0 quarterstaff.
Joseph wields a +2 hunting sling of freezing.
It is covered in frost.
Joseph shoots a sling bullet.
The sling bullet hits you!
* * * LOW HITPOINT WARNING * * *
The sling bullet freezes you.
* * * LOW HITPOINT WARNING * * *
Aiming: Iceblast
Press: ? - help, Shift-Dir - straight line, f - Joseph
Aim: Joseph, wielding a +2 hunting sling of freezing and wearing a +0 ring mail The mass of ice explodes!
The iceblast engulfs Joseph!!
Joseph is moderately wounded.
The iceblast engulfs the bullfrog!
You kill the bullfrog!
Your Short Blades skill increases to level 3!
Aiming: Mindburst
Press: ? - help, Shift-Dir - straight line, f/p - Joseph
Aim: Joseph, wielding a +2 hunting sling of freezing and wearing a +0 ring mail (moderately wounded, chance to affect: 76%) Joseph barely resists.
Joseph says, "I've waited for this moment for such a long time."
Joseph shoots a sling bullet.
The sling bullet hits you!
You die...

###############...##
.............[.....#
###############...## #
########...###### #
#.........[.....#
#.######...####.# #.#
##.## #.#
####.#######.#####.#
#####>...##.....@......#
.....###.##.####.#######
###.## ##.#.# ##†#####
###.## #.#.# #.†@...###
.....# ##.#.###......P.#
##.#.###.##.#........P.##
.#.#....###..P...P.P..P.#
.#.#..###
#.........P...## .#.#..#
#........h...P.#


You could see Joseph.

Vanquished Creatures
  Pikel (D:8)
  Maurice (D:8)
  A komodo dragon (D:8)
  Maggie (D:8)
  Menkaure (D:5)
  Edmund (D:5)
  5 water moccasins
  Duvessa (D:5)
  2 ice beasts
  3 sky beasts (D:7)
  2 black bears
  An ogre (D:4)
  2 centaurs
  A lemure (D:8)
  Blork the orc (D:5)
  4 bullfrogs
  A gnoll sergeant (D:6)
  3 scorpions
  5 wights
  Dowan (D:5)
  4 howler monkeys (D:7)
  5 hounds
  4 jellies
  4 orc priests
  A gnoll shaman (D:5)
  Ijyb (D:5)
  3 iguanas
  5 orc wizards
  14 gnolls
  6 adders
  A shadow imp (D:7)
  A white imp (D:8)
  2 worms (D:3)
  A dart slug (D:1)
  40 orcs
  5 endoplasms (D:1)
  3 giant cockroaches (D:2)
  9 goblins
  4 hobgoblins
  10 jackals
  7 quokkas
  4 ball pythons
  2 bats
  2 frilled lizards
  9 kobolds
  7 rats
192 creatures vanquished.

Vanquished Creatures (others)
  A black bear (D:8)
  42 fungi (D:8)
  47 plants (D:8)
90 creatures vanquished.

Grand Total: 282 creatures vanquished

Notes
Turn   | Place    | Note
-------+----------+-------------------------------------------
     0 | D:1      | ptdevnull the Kobold Hunter began the quest for the Orb.
     0 | D:1      | Reached XP level 1. HP: 12/12 MP: 1/1
    38 | D:1      | Reached skill level 6 in Crossbows
    38 | D:1      | Reached XP level 2. HP: 17/17 MP: 2/2
    87 | D:1      | Reached XP level 3. HP: 21/21 MP: 3/3
   644 | D:1      | Noticed a cacodemon
   675 | D:1      | Found a faded altar of an unknown god.
   860 | D:1      | Prayed at the altar of an unknown god.
   860 | D:1      | Became a worshipper of Elyvilon the Healer
   860 | D:1      | Reached * piety under Elyvilon
  1264 | D:2      | Reached skill level 7 in Crossbows
  1406 | D:2      | Reached XP level 4. HP: 26/26 MP: 4/4
  1906 | D:2      | Reached ** piety under Elyvilon
  2579 | D:3      | Found a sparkling altar of Nemelex Xobeh.
  2586 | D:3      | Found a glowing silver altar of Zin.
  2590 | D:3      | Found an ancient bone altar of Kikubaaqudgha.
  2819 | D:3      | Found a snail-covered altar of Cheibriados.
  2912 | D:4      | Reached *** piety under Elyvilon
  2934 | D:4      | Reached skill level 8 in Crossbows
  2934 | D:4      | Reached XP level 5. HP: 30/30 MP: 5/5
  3227 | D:4      | Noticed an ogre
  3232 | D:4      | Killed an ogre
  3233 | D:4      | Reached skill level 9 in Crossbows
  3233 | D:4      | Reached XP level 6. HP: 35/35 MP: 6/6
  3318 | D:4      | Found a burning altar of Makhleb.
  3390 | D:4      | Noticed frogsbabysitter's ghost (amateur MiBe)
  3391 | D:4      | Found a transporter.
  3393 | D:4      | Noticed an ogre
  3393 | D:4      | Noticed an ogre
  3590 | D:4      | Reached skill level 10 in Crossbows
  4390 | D:5      | Entered Level 5 of the Dungeon
  4390 | D:5      | Reached **** piety under Elyvilon
  4441 | D:5      | Found Susiatuz's Assorted Antiques.
  4446 | D:5      | Bought a dented beryl amulet for 110 gold pieces
  4446 | D:5      | Bought a scroll labelled BUEDOU IMPUSKAG for 22 gold pieces
  4491 | D:5      | Reached XP level 7. HP: 36/40 MP: 7/7
  4537 | D:5      | Reached skill level 1 in Evocations
  4586 | D:5      | Reached skill level 1 in Invocations
  4593 | D:5      | Found a hide-covered altar of Uskayaw.
  4750 | D:5      | Found Nuyckiul's Serpentskin Sales.
  4750 | D:5      | Noticed a water moccasin
  4762 | D:5      | Killed a water moccasin
  4894 | D:5      | Found Ceisial's Assorted Antiques.
  4894 | D:5      | Noticed Blork the orc
  4898 | D:5      | Noticed Ijyb
  4905 | D:5      | Killed Blork the orc
  4912 | D:5      | Killed Ijyb
  5076 | D:5      | Bought a long iron wand for 88 gold pieces
  5119 | D:5      | Noticed Menkaure
  5121 | D:5      | Killed Menkaure
  5122 | D:5      | Reached XP level 8. HP: 48/48 MP: 8/10
  5290 | D:5      | Noticed Duvessa
  5292 | D:5      | Noticed Dowan
  5297 | D:5      | Killed Dowan
  5303 | D:5      | Killed Duvessa
  5540 | D:5      | Reached skill level 5 in Dodging
  5763 | D:5      | Noticed Edmund
  5775 | D:5      | Killed Edmund
  6109 | D:5      | Reached XP level 9. HP: 25/53 MP: 12/12
  6315 | D:5      | Reached skill level 5 in Fighting
  6363 | D:6      | Found a transporter.
  6462 | D:6      | Reached skill level 5 in Evocations
  6539 | D:6      | Found a transporter.
  6915 | D:6      | Reached skill level 5 in Invocations
  7352 | D:6      | Reached ***** piety under Elyvilon
  7617 | D:7      | Found a bloodstained altar of Trog.
  7640 | D:7      | Found a staircase to the Ecumenical Temple.
  8124 | D:7      | Reached XP level 10. HP: 61/61 MP: 14/14
  8434 | D:7      | Found a shadowy altar of Dithmenos.
  9007 | D:8      | Noticed Maurice
  9027 | D:8      | Killed Maurice
  9126 | D:8      | Noticed a komodo dragon
  9127 | D:8      | Noticed Joseph
  9399 | D:8      | Noticed Maggie
  9412 | D:8      | Noticed Pikel
  9415 | D:8      | Killed Maggie
  9420 | D:8      | Killed Pikel
  9736 | D:8      | Killed a komodo dragon
  9746 | D:8      | Shot with a sling bullet by Joseph

Illustrated notes

Levels and vault maps discovered:
D:1:      mrwooster_arrival_arrow, layout_loops_cross,
          dreamdust_ecumenical_altar_sealed_demon
D:2:      layout_basic
D:3:      layout_rooms, minmay_overflow_temple_star_quad,
          cheibrodos_worm_habitat, st_stairs_10
D:4:      layout_layer_cave, lemuel_coloured_pillars_altar,
          gammafunk_ghost_smash
D:5:      layout_loops_cross, nicolae_uskayaw_dance_hall, serial_shops,
          nicolae_stop_n_shop_2, st_stairs_10,
          hangedman_abyss_or_decor_jellyfish_corner,
          kennysheep_decorative_pillar, nicolae_stop_n_shop_2,
          grunt_decor_fettered, guppyfry_shop_venom, uniq_ijyb, uniq_edmund,
          uniq_menkaure, uniq_duvessa, uniq_blork_the_orc
D:6:      gammafunk_cloud_chamber, layout_rooms, corner_web_ring,
          minmay_small_thing
D:7:      minmay_skewed_foursquare, layout_cave_pools,
          nicolae_dithmenos_the_darkroom, mainiacjoe_overflow_alcove_2,
          minmay_temple_entry_nine_rooms, hangedman_decor_points
D:8:      layout_loops_ring, nicolae_ashenzari_skybound,
          due_lair_maze_entry_diamond, roderic_lattice_a,
          amcnicky_mini_corridor_feature, uniq_maggie, uniq_joseph, uniq_pikel,
          uniq_maurice

Skill      XL: |  1  2  3  4  5  6  7  8  9 10 |
---------------+-------------------------------+-----
Crossbows      | 6 7 8 9 10 | 10.0
Evocations     | 3 4 6 8 |  8.0
Invocations    | 2 4 6 8 |  8.0
Dodging        | 4 5 7 8 |  8.0
Fighting       | 3 4 6 8 |  8.0
Short Blades   | 3 |  3.2
Stealth        | |  1.3

Action                   |  1- 3 |  4- 6 |  7- 9 | 10-12 || total
-------------------------+-------+-------+-------+-------++-------
Melee: Dagger            |       |       |     3 |       ||     3
 Fire: Hand crossbow     |    72 |   103 |   306 |   162 ||   643
Invok: Heal Self         |       |       |       |     1 ||     1
Evoke: Wand              |       |       |    16 |    11 ||    27
  Use: Scroll            |       |     2 |     7 |     1 ||    10
       Potion            |       |       |       |     1 ||     1
Armor: Leather armour    |     1 |     7 |    21 |     8 ||    37
Dodge: Dodged            |    19 |    32 |   211 |   179 ||   441

Table legend: (Time is in decaauts)
 A = Elapsed time spent in this place.
 B = Non-inter-level travel time spent in this place.
 C = Inter-level travel time spent in this place.
 D = Time resting spent in this place.
 E = Time spent auto-exploring this place.
 F = Levels seen in this place.
 G = Mean time per level.
                   A        B        C        D        E       F      G
               +--------+--------+--------+--------+--------+-----+--------+
         Total |   9813 |   9433 |    380 |    524 |   7681 |   8 | 1226.6 |
       Dungeon |   9813 |   9433 |    380 |    524 |   7681 |   8 | 1226.6 |
               +--------+--------+--------+--------+--------+-----+--------+

Top non-repeatable levels by time:
     D:5: 2161 daAuts
     D:4: 1535 daAuts
     D:7: 1379 daAuts
     D:2: 1099 daAuts
     D:1: 1069 daAuts
     D:6: 964 daAuts
     D:8: 860 daAuts
     D:3: 742 daAuts
